 Dungeon Crawl Stone Soup version 0.14.0-26-g1682e81 (webtiles) character file.

205 Leibowitz the Skirmisher (level 5, -3/33 HPs)
             Began as a Kobold Fighter on Apr 27, 2014.
             Slain by a worker ant (4 damage)
             ... on Level 4 of the Dungeon.
             The game lasted 00:09:13 (2417 turns).

Leibowitz the Skirmisher (Kobold Fighter)           Turns: 2417, Time: 00:09:13

HP  -3/33        AC  3     Str 15      XL: 5   Next: 10%
MP   5/5         EV 14     Int 11      God:
Gold 98          SH 12     Dex 16      Spells:  0 memorised,  4 levels left

rFire  + . .     SeeInvis .     a - +0 cutlass
rCold  + . .     Clarity  .     m - +0 leather armour
rNeg   . . .     Conserve .     c - +0 buckler
rPois  +         rCorr    .     (no helmet)
rElec  +         rRot     .     (no cloak)
SustAb . .       Spirit   .     (no gloves)
rMut   .         Warding  .     (no boots)
Saprov + + .     Stasis   .     (no amulet)
MR     .....                    (no ring)
                                f - +1 ring of evasion

@: brilliant, lethally poisoned, not resistant to hostile enchantments, fairly
stealthy
A: disease resistance, carnivore 3, saprovore 2
a: no special abilities


You were on level 4 of the Dungeon.
You were very full.

You visited 1 branch of the dungeon, and saw 4 of its levels.

You collected 98 gold pieces.

Inventory:

Hand weapons
 a - a +0,+0 cutlass (weapon)
Missiles
 h - 3 curare-tipped needles
 k - 15 stones (quivered)
Armour
 c - a +0 buckler (worn)
 m - a +0 leather armour (worn)
Magical devices
 p - a wand of frost (6)
Comestibles
 d - 5 meat rations
 q - 3 rotting chunks of hobgoblin flesh
Scrolls
 b - a scroll of enchant weapon II {unknown}
 g - a scroll of remove curse
 o - a scroll of identify {unknown}
 s - a scroll of teleportation
Jewellery
 f - a +1 ring of evasion (left hand)
Potions
 e - a potion of might
 j - a potion of paralysis {unknown}
 l - a potion of confusion {unknown}
 n - 2 potions of brilliance


   Skills:
 * Level 3.8 Fighting
 + Level 3.3 Short Blades
 + Level 2.7 Armour
 * Level 2.3 Dodging
 * Level 1.7 Stealth
 * Level 3.0 Shields


You had 4 spell levels left.
You didn't know any spells.

Dungeon Overview and Level Annotations

Branches:
Dungeon (4/15)
 Temple: D:4-7

Altars:
Nemelex Xobeh
Okawaru


Innate Abilities, Weirdness & Mutations

You recuperate from illness quickly.
You are small and have problems with some larger weapons.
You are carnivorous and can eat meat at any time.
You can eat rotten meat.


Message History

The worker ant is moderately wounded.
* * * LOW HITPOINT WARNING * * *
You feel sick. The worker ant bites you.
* * * LOW HITPOINT WARNING * * *
Drink which item? (? for menu, Esc to quit)
You feel clever all of a sudden.
It was a potion of brilliance.
* * * LOW HITPOINT WARNING * * *
You feel sick. The worker ant barely misses you.
Drink which item? (? for menu, Esc to quit)
You feel protected.
It was a potion of resistance.
* * * LOW HITPOINT WARNING * * *
You feel sick. The worker ant barely misses you.
The worker ant barely misses you.
Drink which item? (? for menu, Esc to quit)
You feel slightly nauseous.
It was a potion of poison.
* * * LOW HITPOINT WARNING * * *
You feel sick. The worker ant bites you.
You die...

.(. .........
..>...(....
......(......
#..............
#......(.......
#..............
##......a......#
#.......@......#
#................
###...............
.###..)#.............
.....................
.....................
........<...........
...........>.......
.................


You could see a worker ant.

Vanquished Creatures
  3 adders (D:2)
  A worm (D:2)
  3 giant geckos
  An ooze (D:1)
  An orc (D:3)
  8 bats
  2 giant cockroaches (D:1)
  12 goblins
  10 hobgoblins
  7 jackals (D:2)
  3 ball pythons (D:3)
  6 giant newts
  7 kobolds
  A rat (D:4)
65 creatures vanquished.

Notes
Turn   | Place    | Note
--------------------------------------------------------------
     0 | D:1      | Leibowitz, the Kobold Fighter, began the quest for the Orb.
     0 | D:1      | Reached XP level 1. HP: 14/14 MP: 1/1
    80 | D:1      | Reached XP level 2. HP: 17/19 MP: 2/2
   207 | D:1      | Reached skill level 1 in Stealth
   256 | D:1      | Found a sparkling altar of Nemelex Xobeh.
   307 | D:1      | Reached XP level 3. HP: 23/23 MP: 3/3
   765 | D:2      | Reached skill level 1 in Dodging
   875 | D:2      | Reached XP level 4. HP: 21/29 MP: 4/4
  1791 | D:2      | Reached XP level 5. HP: 27/33 MP: 5/5
  2374 | D:3      | Found an iron altar of Okawaru.
  2417 | D:4      | HP: 1/33 [poisoned by a worker ant]
  2417 | D:4      | Slain by a worker ant

Action                   |  1- 3 |  4- 6 || total
-------------------------+-------+-------++-------
Melee: Cutlass           |   123 |   145 ||   268
Throw: Stone             |       |     4 ||     4
Evoke: Wand              |       |     4 ||     4
  Use: Potion            |     1 |     4 ||     5
       Scroll            |       |     4 ||     4
 Stab: Sleeping          |     2 |       ||     2
